Map: 光影交错-天梯版

Players

夜蝶蝶蝶蝶蝶蝶蝶 (Firefly) - Winner!

  • Race: Protoss Protoss

iGXY (XY)

  • Race: Terran Terran

Event: DreamHack SC2 Masters 2021 Summer

VOD

Have the link to the VOD?

Description

Time

  • Played on: May 26, 2021, 7:36 a.m.
  • Length: 22:14

All games in this series

Show
View Real Time Build Order
Export as new Build Order

夜蝶蝶蝶蝶蝶蝶蝶 Protoss - Winner!

Build Orders: 1 Gate Expand, Oracle Opening 

Get SALT Encoding   

  12  0:00  Probe  
  13  0:12  Probe  
  14  0:17  Pylon  
  14  0:24  Probe (Chrono Boost)  
  15  0:36  Probe (Chrono Boost)  
  15  0:37  Gateway  
  16  0:45  Probe (Chrono Boost)  
  16  0:47  Assimilator  
  17  0:51  Probe  
  18  1:03  Probe  
  19  1:15  Probe  
  20  1:25  Cybernetics Core  
  20  1:33  Nexus  
  20  1:39  Pylon  
  20  1:42  Probe  
  21  1:50  Assimilator  
  21  1:54  Probe  
  21  1:59  Adept (Chrono Boost)  
  22  2:05  Shield Battery  
  22  2:07  Probe  
  25  2:19  Probe, Adept (Chrono Boost)  
  28  2:31  Probe  
  28  2:33  Stargate  
  29  2:40  Warp Gate  
  29  2:43  Probe  
  30  2:45  Probe  
  31  2:55  Adept  
  31  2:58  Probe (Chrono Boost)  
  35  3:01  Probe (Chrono Boost)  
  35  3:10  Probe (Chrono Boost)  
  35  3:12  Probe (Chrono Boost)  
  37  3:19  Probe (Chrono Boost)  
  43  3:20  Probe (Chrono Boost)  
  43  3:25  Probe (Chrono Boost)  
  43  3:26  Probe (Chrono Boost)  
  43  3:27  Oracle  
  44  3:34  Twilight Council  
  44  3:35  Probe  
  44  3:37  Gateway  
  44  3:38  Probe  
  46  3:50  Gateway, Pylon  
  46  3:57  Assimilator  
  46  3:59  Pylon  
  46  4:05  Probe  
  46  4:07  Probe  
  46  4:10  Blink (Chrono Boost)  
  46  4:18  Probe  
  46  4:20  Probe  
  48  4:26  Nexus  
  48  4:28  Stalker  
  48  4:30  Probe  
  51  4:32  Probe  
  52  4:42  Probe  
  50  4:46  Stalker x2  
  50  4:47  Probe  
  50  4:52  Forge  
  55  4:54  Probe  
  55  4:58  Stalker  
  58  5:03  Oracle  
  58  5:05  Probe, Pylon  
  62  5:12  Pylon  
  62  5:16  Probe  
  60  5:30  Stalker x3  
  66  5:40  Probe x2  
  68  5:44  Probe  
  68  5:47  Forge  
  69  5:50  Protoss Ground Weapons Level 1  
  69  5:51  Charge (Chrono Boost)  
  69  5:52  Probe  
  69  5:53  Stalker x3  
  76  5:58  Probe  
  76  5:59  Probe  
  78  6:06  Gateway x2  
  78  6:12  Gateway  
  78  6:13  Probe  
  78  6:14  Probe x2  
  78  6:17  Gateway x2  
  81  6:20  Templar Archives  
  81  6:24  Assimilator  
  81  6:25  Probe  
  82  6:27  Probe  
  82  6:30  Stalker  
  85  6:37  Probe x2, Shield Battery  
  85  6:39  Pylon  
  87  6:41  Stalker  
  87  6:42  Stalker  
  89  6:49  Probe x2  
  89  6:51  Probe  
  89  7:02  Zealot x3  
  89  7:06  Psionic Storm  
  95  7:11  Probe x3  
  98  7:24  Zealot  
  98  7:28  Pylon  
  100  7:30  Pylon  
  100  7:37  Robotics Facility  
  100  7:38  Probe  
  100  7:39  Assimilator  
  100  7:41  Assimilator  
  101  7:46  Probe x2  
  103  7:53  High Templar  
  103  7:54  Zealot x6  
  103  7:57  Pylon  
  117  8:06  Protoss Ground Armor Level 1  
  117  8:15  Probe  
  117  8:16  Probe x2  
  117  8:19  High Templar x2  
  124  8:22  Pylon  
  124  8:23  Pylon  
  124  8:25  Pylon  
  124  8:26  Nexus  
  124  8:27  Probe  
  124  8:30  Warp Prism (Chrono Boost)  
  123  8:37  Zealot  
  123  8:40  Pylon, High Templar x2, Zealot x2  
  133  8:42  Pylon  
  123  8:57  Stalker x4  
  123  9:02  Immortal  
  130  9:05  Zealot x2  
  132  9:12  Pylon  
  132  9:14  Pylon  
  132  9:16  Robotics Bay  
  132  9:17  Pylon  
  132  9:19  Zealot x2, Robotics Facility  
  132  9:22  Zealot x2  
  140  9:36  Photon Cannon  
  140  9:37  Shield Battery  
  140  9:38  Pylon  
  138  9:40  Zealot x2  
  138  9:41  Pylon  
  136  9:48  Archon  
  121  9:53  High Templar x4  
  121  9:55  Zealot x2  
  127  10:01  Zealot x2  
  117  10:14  Warp Prism (Chrono Boost)  
  117  10:17  Disruptor (Chrono Boost), Pylon  
  117  10:19  Nexus  
  122  10:22  Pylon  
  122  10:44  Disruptor  
  122  10:46  Probe, Disruptor, Dark Shrine  
  122  10:47  Probe x2  
  131  10:50  Zealot x4  
  131  10:51  Assimilator  
  131  10:53  Assimilator  
  129  11:05  Archon  
  129  11:13  Stalker x4  
  129  11:14  Zealot x4  
  145  11:23  Disruptor (Chrono Boost)  
  145  11:24  Disruptor (Chrono Boost)  
  139  11:42  Archon  
  130  11:53  High Templar x4, Zealot x4  
  146  11:56  Warp Prism (Chrono Boost)  
  146  11:58  Probe x3  
  146  11:59  Probe  
  146  12:11  Observer (Chrono Boost)  
  146  12:18  Nexus  
  146  12:19  Photon Cannon  
  146  12:20  Probe x3  
  146  12:21  Probe  
  150  12:27  Observer (Chrono Boost), Disruptor (Chrono Boost)  
  153  12:30  Dark Templar x2  
  153  12:31  Dark Templar x2  
  153  12:32  Zealot  
  149  12:48  Dark Templar x2  
  149  12:55  Disruptor  
  152  13:05  Stalker x3  
  111  13:28  Dark Templar x3  
  109  13:46  Stalker x2  
  109  13:47  Stalker  
  115  13:56  Probe x2  
  115  13:59  Probe  
  117  14:05  Zealot x3  
  117  14:06  Pylon  
  117  14:08  Probe  
  117  14:09  Probe  
  115  14:30  Zealot x8  
  99  14:38  Disruptor (Chrono Boost)  
  99  14:41  Observer (Chrono Boost)  
  99  14:46  Probe x2  
  95  14:54  Colossus (Chrono Boost)  
  95  14:58  Probe x2, Stalker x4  
  108  15:03  Zealot x4  
  119  15:16  Probe  
  120  15:25  Disruptor (Chrono Boost)  
  115  15:47  Zealot x7  
  94  16:26  Nexus  
  94  16:27  Stalker x4  
  99  16:54  Dark Templar  
  99  16:55  Dark Templar  
  91  17:13  Dark Templar  
  91  17:42  Stalker x2  
  95  17:53  Pylon  
  95  18:06  Stalker  
  79  18:53  Dark Templar  
  79  19:05  Observer  
  70  20:29  Nexus  
  70  20:41  Observer  
  70  20:52  Stalker x2  
  74  21:05  Stalker  
  75  21:16  Probe  
  68  21:56  Dark Templar x4  
Show
View Real Time Build Order
Export as new Build Order

iGXY Terran 

Build Orders:  

Get SALT Encoding   

  12  0:00  SCV  
  13  0:12  SCV  
  14  0:17  Supply Depot  
  14  0:24  SCV  
  15  0:38  SCV  
  15  0:40  Barracks  
  16  0:43  Refinery  
  16  0:51  SCV  
  17  1:03  SCV  
  18  1:15  SCV  
  19  1:27  Marine  
  19  1:29  Orbital Command  
  20  1:43  Command Center  
  20  1:45  Reaper  
  21  1:56  SCV  
  21  1:57  Supply Depot  
  22  2:08  SCV  
  23  2:14  Factory  
  23  2:20  SCV  
  23  2:22  Bunker, Marine  
  25  2:32  SCV  
  25  2:33  Refinery  
  26  2:43  Barracks Reactor  
  26  2:44  SCV  
  27  2:56  Orbital Command, SCV  
  28  2:59  Hellion  
  28  3:03  Starport  
  30  3:08  SCV  
  31  3:20  SCV, Marine x2  
  31  3:26  Factory Tech Lab  
  34  3:27  SCV  
  34  3:32  SCV  
  36  3:37  Marine, Supply Depot  
  36  3:38  Marine  
  36  3:39  Viking  
  40  3:42  SCV  
  40  3:44  SCV  
  42  3:48  Cyclone  
  42  3:52  Supply Depot  
  42  3:54  SCV  
  46  3:58  SCV, Marine x2  
  49  4:06  SCV  
  49  4:10  SCV  
  49  4:12  Viking  
  49  4:16  Marine x2  
  52  4:17  Supply Depot  
  52  4:21  Cyclone  
  52  4:23  SCV x2  
  57  4:30  Supply Depot  
  57  4:33  Marine x2  
  57  4:35  SCV x2  
  61  4:45  Viking  
  63  4:49  SCV x2  
  63  4:51  Marine x2  
  67  4:53  Supply Depot, Siege Tank  
  70  5:01  SCV x2  
  70  5:05  Command Center  
  72  5:09  Marine x2  
  72  5:10  Supply Depot  
  72  5:13  SCV  
  75  5:14  Barracks  
  75  5:25  Siege Tank  
  75  5:30  Medivac  
  75  5:32  SCV x2  
  79  5:36  Bunker  
  79  5:39  Supply Depot  
  79  5:44  SCV x2  
  79  5:45  Refinery  
  79  5:47  Refinery  
  79  5:49  Engineering Bay  
  81  5:56  SCV x2  
  83  5:57  Siege Tank  
  83  6:01  Barracks  
  86  6:08  SCV x2, Supply Depot  
  88  6:15  Barracks Tech Lab, Starport Tech Lab  
  88  6:16  Orbital Command  
  87  6:19  Barracks  
  87  6:20  SCV, Barracks  
  87  6:21  SCV  
  89  6:32  Terran Infantry Weapons Level 1  
  92  6:33  SCV x2  
  92  6:34  Marauder, Marine x2  
  92  6:37  Stimpack  
  95  6:43  SCV  
  95  6:45  SCV x2  
  98  6:51  Marine  
  98  6:52  Marine  
  100  6:55  SCV, Marine  
  100  6:57  SCV  
  100  6:58  Barracks Reactor, Siege Tank  
  100  6:59  Starport Reactor  
  106  7:05  Supply Depot  
  104  7:08  Barracks Reactor  
  104  7:09  Marine x2  
  104  7:10  Orbital Command  
  104  7:13  Marauder  
  104  7:15  Combat Shield  
  106  7:16  Marauder  
  106  7:18  SCV  
  106  7:21  SCV  
  110  7:27  Marine x2  
  110  7:31  SCV  
  110  7:33  SCV  
  110  7:35  Marauder  
  109  7:38  Marauder  
  109  7:42  SCV, Medivac x2  
  109  7:43  SCV  
  117  7:44  Marine x3  
  117  7:45  Marine x2  
  117  7:46  SCV  
  117  7:47  Factory Reactor  
  117  7:48  Marine  
  124  7:53  Supply Depot  
  124  7:54  SCV, Supply Depot  
  124  7:55  SCV  
  124  7:56  Marauder  
  124  7:57  Supply Depot x2  
  126  7:59  Marauder, Supply Depot  
  126  8:02  Marine  
  126  8:03  Marine  
  126  8:04  SCV  
  131  8:06  SCV  
  131  8:12  Medivac x2  
  133  8:15  SCV  
  133  8:16  SCV  
  133  8:18  Marauder  
  137  8:21  Marauder  
  137  8:23  Refinery  
  137  8:24  Marine x4  
  137  8:25  Refinery  
  137  8:26  Marauder  
  145  8:29  Widow Mine x2  
  145  8:30  Concussive Shells  
  146  8:39  Marauder  
  148  8:41  Marine  
  148  8:42  Marauder, Marine x2, Medivac  
  148  8:44  Marine  
  148  8:47  Supply Depot x2  
  148  8:48  Marauder, Supply Depot  
  155  8:51  Ghost Academy  
  155  8:54  Supply Depot  
  155  8:59  Marine  
  155  9:00  Marauder  
  158  9:03  Marauder  
  158  9:05  Marine x3  
  158  9:09  Terran Infantry Armor Level 1, Armory, Marauder, Engineering Bay  
  165  9:13  Medivac  
  165  9:16  Bunker  
  167  9:17  Marine  
  167  9:18  Missile Turret  
  167  9:21  Command Center  
  167  9:22  Marauder, Marine  
  167  9:23  Marine  
  172  9:25  Widow Mine x2, Marauder  
  172  9:28  Enhanced Shockwaves  
  172  9:31  Marauder  
  180  9:32  Marine  
  180  9:35  Marine  
  182  9:40  Marine  
  181  9:51  Ghost x3  
  181  9:52  Marine x2  
  165  9:53  Marine  
  165  9:54  Widow Mine x2  
  169  10:06  Marine  
  164  10:10  Marine x2  
  164  10:14  Barracks x2, Marine  
  166  10:16  Barracks, Medivac  
  166  10:19  Ghost  
  166  10:20  Marine, Ghost  
  173  10:25  Terran Infantry Weapons Level 2  
  173  10:26  Marine  
  173  10:27  Widow Mine  
  173  10:28  Marine  
  165  10:44  Marauder, Marine x2  
  165  10:47  Marine x2  
  165  10:48  Medivac x2  
  165  10:49  Marauder x2  
  175  11:01  Marine  
  175  11:02  Marine  
  175  11:04  Widow Mine x2  
  177  11:05  Marauder  
  177  11:06  Barracks Tech Lab  
  177  11:07  Barracks Tech Lab  
  177  11:10  Marauder  
  181  11:14  Marauder, Marine x2  
  185  11:27  Marauder  
  185  11:30  Marauder x2, Marine x4  
  185  11:31  Marine  
  185  11:32  Marine  
  186  11:46  Marauder, Marine  
  164  11:47  Marine  
  164  11:48  Marauder, Marine x2, Medivac x2  
  164  11:49  Widow Mine x2  
  164  11:51  Marine x2  
  164  11:52  Marauder  
  180  11:54  Marine  
  180  11:55  Marauder  
  180  11:58  Planetary Fortress  
  180  12:00  Missile Turret  
  183  12:03  Marine  
  183  12:07  Marauder  
  186  12:09  Marauder  
  186  12:13  Widow Mine  
  186  12:14  Widow Mine  
  186  12:15  SCV x3  
  194  12:17  Command Center, Medivac  
  194  12:18  Medivac  
  194  12:20  Refinery  
  194  12:22  Refinery  
  199  12:29  Starport, Terran Ship Weapons Level 1  
  199  12:30  Fusion Core  
  185  12:44  Ghost x2  
  185  12:50  Marauder  
  185  12:51  Marauder  
  164  12:52  Marine x4  
  165  13:03  Marauder, Marine x2  
  169  13:10  Marine x2  
  169  13:12  Marauder x2  
  168  13:25  Marauder x3, Marine  
  147  13:31  Marine x2  
  147  13:32  Widow Mine x2, Marine x3  
  147  13:33  Marauder x2  
  151  13:39  Liberator x2  
  151  13:41  Starport Reactor  
  157  13:42  Starport  
  157  13:43  Marine  
  157  13:46  Marauder x2, Marine  
  163  13:49  Marine x2  
  163  13:50  Marine x3  
  163  13:55  Marauder x2  
  172  14:01  Advanced Ballistics, Marine  
  173  14:04  Marauder  
  173  14:07  Marine x2  
  173  14:08  Marauder x2, Marine x2  
  181  14:16  Marauder x2  
  176  14:17  Marine  
  156  14:26  Marauder  
  156  14:29  Marauder x2  
  161  14:36  Marine x2  
  161  14:37  Marauder x2  
  147  14:41  Marine  
  144  14:47  Marauder  
  144  14:50  Marauder  
  144  14:51  Marauder  
  143  14:57  Marine  
  143  14:59  Marauder x2, Marine  
  130  15:01  SCV  
  130  15:06  SCV  
  127  15:12  Marauder  
  130  15:14  Planetary Fortress  
  128  15:25  Liberator  
  131  15:32  Orbital Command  
  127  15:39  Liberator  
  111  15:49  Liberator  
  106  15:53  Liberator  
  106  16:04  SCV  
  95  16:11  Liberator  
  95  16:15  Liberator  
  83  16:27  SCV  
  84  16:34  Orbital Command  
  84  16:39  SCV  
  83  16:59  Liberator  
  71  17:18  Orbital Command  
  47  18:01  Marauder x2  
  50  18:22  Liberator  
  50  18:26  Liberator  
  57  18:43  Liberator  
  57  18:52  Liberator  
  60  18:59  Liberator  
  53  19:21  Marauder x2  
  57  19:29  Marauder  
  55  19:50  Marauder  
  51  20:12  Orbital Command  
  44  20:29  Marauder x3  
  50  20:36  Marine x2  
  49  20:51  Marauder  
  51  21:01  Marine x2  
  53  21:12  Marine  
  54  21:33  SCV  
Tags
 
Add a new tag
Caveats
  • Supply blocks, unpowered buildings, or Contaminate may cause inaccurate times.
  • Supply counts are checked every 10 seconds.